 Dungeon Sprint DCSS version 0.19.5 (webtiles) character file.

517985 schets the Talismancer (level 19, 35/241 HPs)
             Began as a Deep Dwarf Fighter on Dec 26, 2017.
             Was the Champion of Makhleb.
             Escaped with the Orb!
             The game lasted 00:30:49 (3802 turns).

schets the Talismancer (Deep Dwarf Fighter)         Turns: 3802, Time: 00:30:50

Health: 35/241     AC: 35    Str: 39    XL:     19   Next: 97%
Magic:  36/36      EV: 17    Int: 10    God:    Makhleb [******]
Gold:   0          SH: 38    Dex: 12    Spells: 0 memorised, 18 levels left

rFire  + . .     SeeInvis .     E - +7 Singing Sword
rCold  + . .     Gourm    .     X - +9 armour of the Dragon King {rPois rF+ rC+ MR+}
rNeg   + + .     Faith    .     Q - +18 shield of the Gong {rElec rN+ MR+ EV-5}
rPois  +         Spirit   .     (no helmet)
rElec  +         Reflect  .     (no cloak)
rCorr  .         Harm     .     (no gloves)
MR     ++++.     NoTele   +     (no boots)
Stlth  +.........               c - amulet of Vitality {Regen+ HP+15}
                                M - +6 ring of strength
                                L - +6 ring of strength

@: non-regenerating
A: damage resistance, recharge devices, negative energy resistance 1, sense
surroundings 3, slow regeneration 3
a: Device Recharging, Minor Destruction, Lesser Servant of Makhleb, Major
Destruction, Greater Servant of Makhleb, Renounce Religion
0: Orb of Zot


You escaped.
You worshipped Makhleb.
Makhleb was exalted by your worship.
You were full.

You visited 1 branch

Inventory:

Hand Weapons
 E - the +7 Singing Sword (weapon)
   (You found it in the Dungeon)
Armour
 P - the +15 Maxwell's patent armour {-Cast -Tele rElec MR+ rCorr}
   (You found it in the Dungeon)

   It insulates you from electricity.
   It affects your resistance to hostile enchantments.
   It prevents spellcasting.
   It prevents most forms of teleportation.
   It protects you from acid and corrosion.
 Q - the +18 shield of the Gong (worn) {rElec rN+ MR+ EV-5}
   (You found it in the Dungeon)

   It affects your evasion (-5).
   It insulates you from electricity.
   It protects you from negative energy.
   It affects your resistance to hostile enchantments.
 X - the +9 armour of the Dragon King (worn) {rPois rF+ rC+ MR+}
   (You found it in the Dungeon)

   It protects you from fire.
   It protects you from cold.
   It protects you from poison.
   It affects your resistance to hostile enchantments.
 Y - the cursed -5 robe of Misfortune {-Cast *Contam *Tele *Drain EV-5 Stlth-- *Curse}
   (You found it in the Dungeon)

   It affects your evasion (-5).
   It prevents spellcasting.
   It may teleport you next to monsters.
   It may re-curse itself when equipped.
   It causes magical contamination when unequipped.
   It causes draining when unequipped.
   It makes you much less stealthy.
   It has a curse placed upon it.
Rods
 F - a +3 rod of shadows (9/9)
   (You took it off a vault guard in the Dungeon)
 J - a +8 rod of ignition (4/9)
   (You found it in the Dungeon)
 K - a +4 rod of shadows (11/11)
   (You took it off a spriggan in the Dungeon)
 N - a +3 lightning rod (2/9)
   (You found it in the Dungeon)
 O - a +2 lightning rod (13/13)
   (You found it in the Dungeon)
Jewellery
 a - the ring "Rob Vais" {*Corrode rPois rC+ rN++}
   (You found it in the Dungeon)

   [ring of protection from cold]

   It protects you from cold.
   It protects you from poison.
   It greatly protects you from negative energy.
   It may corrode you when you take damage.
 b - the amulet of Jefear {RegenMP rElec Str+4 SInv}
   (You found it in the Dungeon)

   [amulet of magic regeneration]

   It increases your magic regeneration.
   It affects your strength (+4).
   It insulates you from electricity.
   It lets you see invisible.
 c - the amulet of Vitality (around neck) {Regen+ HP+15}
   (You found it in the Dungeon)

   [amulet of regeneration]

   It affects your health (+15).
   It increases your rate of regeneration.
 t - a +3 ring of protection
 G - the ring "Lem Nump" {rCorr -Tele rN+++ Str+3 Int+3}
   (You took it off a vault guard in the Dungeon)

   [ring of resist corrosion]

   It affects your strength (+3).
   It affects your intelligence (+3).
   It renders you almost immune to negative energy.
   It prevents most forms of teleportation.
 H - the ring "Xotet" {rF+ Int+5}
   (You took it off a spriggan defender in the Dungeon)

   [ring of protection from fire]

   It affects your intelligence (+5).
   It protects you from fire.
 L - a +6 ring of strength (left hand)
 M - a +6 ring of strength (right hand)
 V - the ring "Perod" {Slay+3 Stlth+}
   (You found it in the Dungeon)

   [ring of stealth]

   It affects your accuracy and damage with ranged weapons and melee attacks
   (+3).
   It makes you more stealthy.
Wands
 e - a wand of heal wounds (9/9)
 m - a wand of disintegration (4/24)
 n - a wand of iceblast (5/15)
 o - a wand of lightning (5/15)
 p - a wand of acid (3/15)
 S - a wand of polymorph (8/24)
 T - a wand of flame (29/48)
Scrolls
 l - 3 scrolls of blinking
 v - 4 scrolls of amnesia
 w - a scroll of recharging
 x - 8 scrolls of fog
 y - 2 scrolls of holy word
 z - 3 scrolls of identify
 A - 5 scrolls of remove curse
 B - 2 scrolls of fear
Potions
 d - 6 potions of might
 g - 10 potions of curing
 h - 13 potions of heal wounds
 i - 5 potions of haste
 j - 7 potions of magic
 k - 3 potions of berserk rage
 q - 2 potions of brilliance
 r - 2 potions of invisibility
 s - 4 potions of resistance
 u - 7 potions of agility
 U - a potion of flight
Miscellaneous
 I - 10 phantom mirrors
 R - a disc of storms
 W - 6 sacks of spiders
 Z - a phial of floods
Comestibles
 f - 5 bread rations
 C - 42 fruits
 D - a meat ration


   Skills:
 O Level 27 Fighting
 + Level 16.6 Long Blades
 O Level 27 Armour
 O Level 27 Dodging
 + Level 25.5 Stealth
 O Level 27 Shields
 O Level 27 Invocations
 O Level 27 Evocations


You had 18 spell levels left.
You didn't know any spells.

Dungeon Overview and Level Annotations

Branches:
Dungeon (1/1)

Altars:
Ashenzari
Cheibriados
Dithmenos
Elyvilon
Fedhas
Gozag
Hepliaklqana
Kikubaaqudgha
Makhleb
Nemelex Xobeh
Okawaru
Qazlal
Ru
Sif Muna
Trog
Uskayaw
Vehumet
Xom
Yredelemnul
Zin
The Shining One
Beogh
Jiyva
Lugonu


Innate Abilities, Weirdness & Mutations

You are resistant to damage.
You can recharge devices by infusing magical energy.
You resist negative energy. (rN+)
You passively map a large area around you.
You do not regenerate.


Message History

Unknown command.
You hit Kalin but do no damage.
Kalin is almost dead.
You block Kalin's attack.
PTOANNNG!
Unknown command.
You completely miss Kalin.
Kalin is almost dead.
Kalin hits you!!
* * * LOW HITPOINT WARNING * * *
You writhe in agony.
* * * LOW HITPOINT WARNING * * *
Kalin hits you but does no damage.
You slice Kalin like a ripe choko!!!
You kill Kalin!
Makhleb accepts your kill.
Your Long Blades skill increases to level 16!
Your Stealth skill increases to level 25!
Unknown command.
You have escaped!

............▓..▓....)..▓..▓...8©8
.....≈......▓.▓▓▓..≈≈.▓▓▓.▓..):}}
..)....≈....▓..▓..≈....▓..▓..)})[
...≈..≈≈....▓.......≈.....▓......
..)..†..≈...▓.............▓......
..≈..†......▓▓▓▓▓▓▓▓▓▓▓▓▓▓▓......
▓†††)...▓...▓888888.888888▓....†.
▓▓)†...▓▓▓..▓8...§.....≈.8▓..≈.†.
▓).)....▓...▓8..@.....≈..8▓......
.))[....≈...▓8..≈........8▓...≈.†
............▓88888.8888888▓▓▓▓▓▓▓
▓▓▓▓▓▓▓▓▓▓▓▓▓▓▓▓▓▓▓▓▓▓▓▓▓▓▓▓▓▓▓▓▓
.....8©8........▓........8©8.....
.).::)))::}[):|.▓.)|:[.}:)[)}.}:[
.)....)≈.[)).=.\▓.[||).})..).)|||
|.)).:)).)))}[).▓.|)...|.:|)))::)
).≈...≈)≈≈).....▓.......}|[.}....


There were no monsters in sight!

Vanquished Creatures
  An ancient lich (D)
  A pandemonium lord (D)
  A Tzitzimitl (D)
  2 quicksilver dragons (D)
  A tentacled starspawn (D)
  4 liches (D)
  6 thorn hunters (D)
  2 draconian monks (D)
  10 nagarajas (D)
  7 orc warlords (D)
  3 draconian knights (D)
  2 draconian zealots (D)
  3 draconian shifters (D)
  7 draconian scorchers (D)
  4 draconian annihilators (D)
  11 stone giants (D)
  4 draconian callers (D)
  7 ghouls (D)
  3 spriggan defenders (D)
  3 very ugly things (D)
  5 vampire knights (D)
  11 green draconians (D)
  2 apis (D)
  7 white draconians (D)
  8 mottled draconians (D)
  4 black draconians (D)
  16 purple draconians (D)
  10 red draconians (D)
  12 yellow draconians (D)
  13 naga warriors (D)
  3 ice dragons (D)
  11 vault guards (D)
  11 spriggan air magi (D)
  11 anacondas (D)
  2 satyrs (D)
  4 vampire magi (D)
  2 dancing weapons (D)
  10 spriggan berserkers (D)
  An orc high priest (D)
  A deep elf knight (D)
  An iron golem (D)
  A wretched star (D)
  2 spriggans (D)
  A death drake (shapeshifter) (D)
  4 skeletal warriors (D)
  A death drake (D)
  An unseen horror (shapeshifter) (D)
  A deep elf archer (D)
  3 spriggan druids (D)
  2 lindwurms (shapeshifter) (D)
  5 orc knights (D)
  2 swamp dragons (D)
  2 shambling mangroves (D)
  5 necromancers (D)
  An oklob plant (D)
  4 deep elf magi (D)
  4 ugly things (D)
  2 cyclopes (D)
  A faun (D)
  8 orc sorcerers (D)
  2 large abominations (D)
  A salamander (shapeshifter) (D)
  A wolf spider (D)
  A moth of wrath (D)
  3 eyes of devastation (D)
  A guardian serpent (shapeshifter) (D)
  10 naga magi (D)
  7 black mambas (D)
  2 smoke demons (D)
  11 guardian serpents (D)
  A spiny frog (shapeshifter) (D)
  3 gargoyles (D)
  An eye of devastation (shapeshifter) (D)
  3 rime drakes (D)
  A spiny frog (D)
  3 dryads (D)
  4 yaktaurs (D)
  A hellwing (D)
  3 wind drakes (D)
  5 trolls (D)
  4 slime creatures (D)
  7 hornets (D)
  A hippogriff (D)
  2 two-headed ogres (D)
  A vampire (D)
  A fire elemental (D)
  10 shadows (D)
  Sigmund (D)
  3 wyverns (D)
  A ynoxinul (D)
  A yak (shapeshifter) (D)
  2 yaks (D)
  2 neqoxecs (D)
  A basilisk (shapeshifter) (D)
  2 golden eyes (D)
  A basilisk (D)
  3 wargs (D)
  10 nagas (D)
  A mottled dragon (D)
  A soldier ant (shapeshifter) (D)
  14 water moccasins (D)
  A porcupine (D)
  A floating eye (D)
  A sky beast (D)
  15 orc warriors (D)
  A phantom (D)
  2 eyes of draining (D)
  3 necrophages (D)
  11 ogres (D)
  2 wolves (D)
  Blork the orc (D)
  A bullfrog (D)
  An earth elemental (D)
  11 wights (D)
  4 jellies (D)
  3 quasits (D)
  3 orc priests (D)
  5 iron imps (D)
  Jessica (D)
  An iguana (D)
  5 orc wizards (D)
  2 adders (D)
  6 shadow imps (D)
  3 white imps (D)
  2 ufetubi (D)
  4 oozes (D)
  An adder zombie (D)
  2 adder skeletons (D)
  2 ball pythons (D)
  4 bat skeletons (D)
  3 bat zombies (D)
  A jackal (D)
  2 ball python skeletons (D)
  A giant cockroach zombie (D)
  2 jackal zombies (D)
  A quokka skeleton (D)
  3 quokka zombies (D)
  3 butterflies (D)
  2 starspawn tentacles (D)
527 creatures vanquished.

Vanquished Creatures (others)
  3 black draconians (D)
  A deep elf knight (D)
  2 spiny frogs (shapeshifter) (D)
  A two-headed ogre (shapeshifter) (D)
  A raiju (shapeshifter) (D)
  An adder zombie (D)
9 creatures vanquished.

Grand Total: 536 creatures vanquished

Notes
Turn   | Place    | Note
-------+----------+-------------------------------------------
     0 | D        | schets the Deep Dwarf Fighter began the quest for the Orb.
     0 | D        | Reached XP level 1. HP: 20/20 MP: 1/1
     0 | D        | Found a deep blue altar of Sif Muna.
     0 | D        | Found a bloodstained altar of Trog.
     0 | D        | Found a sacrificial altar of Ru.
     0 | D        | Found a stormy altar of Qazlal.
     0 | D        | Found an iron altar of Okawaru.
     5 | D        | Found a sparkling altar of Nemelex Xobeh.
    10 | D        | Found a blossoming altar of Fedhas.
    12 | D        | Found an ancient bone altar of Kikubaaqudgha.
    12 | D        | Found a viscous altar of Jiyva.
    12 | D        | Found a corrupted altar of Lugonu.
    12 | D        | Found a hazy altar of Hepliaklqana.
    12 | D        | Found a burning altar of Makhleb.
    12 | D        | Found an opulent altar of Gozag.
    50 | D        | Became a worshipper of Makhleb the Destroyer
   211 | D        | Entered arena 1.
   211 | D        | Noticed an iron imp
   215 | D        | Reached skill level 1 in Dodging
   221 | D        | Killed an iron imp
   221 | D        | Reached * piety under Makhleb
   221 | D        | Reached XP level 2. HP: 28/30 MP: 1/4
   221 | D        | Reached XP level 3. HP: 34/36 MP: 1/5
   366 | D        | Entered arena 2.
   366 | D        | Noticed Sigmund
   366 | D        | Noticed Jessica
   366 | D        | Noticed Blork the orc
   368 | D        | Killed Jessica
   368 | D        | Killed Sigmund
   368 | D        | Reached skill level 5 in Fighting
   368 | D        | Reached XP level 4. HP: 36/48 MP: 5/9
   368 | D        | Reached XP level 5. HP: 41/55 MP: 5/10
   371 | D        | Killed Blork the orc
   371 | D        | Reached skill level 5 in Dodging
   371 | D        | Reached XP level 6. HP: 50/63 MP: 5/12
   632 | D        | Entered arena 3.
   634 | D        | Reached ** piety under Makhleb
   650 | D        | Entered arena 4.
   650 | D        | Noticed a deep elf mage
   650 | D        | Noticed a deep elf knight
   650 | D        | Noticed a glaive of pain
   652 | D        | Killed a deep elf knight
   652 | D        | Reached *** piety under Makhleb
   652 | D        | Reached XP level 7. HP: 75/75 MP: 12/15
   661 | D        | Killed a deep elf mage
   661 | D        | Reached XP level 8. HP: 38/85 MP: 13/17
   667 | D        | Killed a glaive of pain
   667 | D        | Reached skill level 10 in Fighting
   667 | D        | Gained mutation: You passively map the area around you. [Deep Dwarf growth]
   667 | D        | Reached XP level 9. HP: 13/93 MP: 14/19
   814 | D        | Entered arena 5.
   815 | D        | Reached **** piety under Makhleb
   935 | D        | Got the ring "Perod" {Slay+3 Stlth+}
   947 | D        | Entered arena 6.
   949 | D        | Reached ***** piety under Makhleb
   991 | D        | Entered arena 7.
   991 | D        | Noticed an eye of devastation
   991 | D        | Noticed an eye of devastation
   998 | D        | Killed an eye of devastation
   998 | D        | Reached ****** piety under Makhleb
   998 | D        | Reached skill level 10 in Armour
   998 | D        | Reached skill level 10 in Shields
  1001 | D        | Killed an eye of devastation
  1001 | D        | Reached skill level 15 in Evocations
  1017 | D        | Entered arena 8.
  1017 | D        | Noticed a deep elf mage
  1017 | D        | Noticed a deep elf knight
  1017 | D        | Noticed a deep elf mage
  1017 | D        | Noticed a deep elf archer
  1017 | D        | Noticed a deep elf mage
  1017 | D        | Noticed a flail of crushing
  1021 | D        | Killed a deep elf mage
  1021 | D        | Reached skill level 10 in Dodging
  1023 | D        | Killed a flail of crushing
  1023 | D        | Reached XP level 10. HP: 51/105 MP: 20/22
  1024 | D        | Killed a deep elf knight
  1026 | D        | Killed a deep elf mage
  1028 | D        | Killed a deep elf archer
  1037 | D        | Killed a deep elf mage
  1048 | D        | Entered arena 9.
  1048 | D        | Noticed an eye of devastation
  1054 | D        | Killed an eye of devastation
  1076 | D        | Entered arena 10.
  1076 | D        | Noticed a spiny frog
  1081 | D        | Killed a spiny frog
  1088 | D        | Reached XP level 11. HP: 106/114 MP: 17/24
  1110 | D        | Entered arena 11.
  1110 | D        | Noticed an orc warlord
  1111 | D        | Noticed a stone giant
  1117 | D        | Killed a stone giant
  1117 | D        | Killed an orc warlord
  1127 | D        | Got the ring "Rob Vais" {*Corrode rPois rC+ rN++}
  1133 | D        | Entered arena 12.
  1133 | D        | Noticed a hell hog
  1133 | D        | a hell hog changed into an eye of devastation
  1134 | D        | Noticed a green ugly thing
  1134 | D        | Noticed a ghost crab
  1136 | D        | Noticed a lindwurm
  1136 | D        | a dream sheep changed into a lindwurm
  1137 | D        | a ghost crab changed into a faun
  1138 | D        | Killed a green ugly thing
  1138 | D        | Killed a lindwurm
  1139 | D        | Noticed a glowing shapeshifter
  1139 | D        | an eye of devastation changed into a glowing shapeshifter
  1140 | D        | Killed an unseen horror
  1140 | D        | a glowing shapeshifter changed into an elephant
  1166 | D        | Entered arena 13.
  1167 | D        | Noticed a cyan ugly thing
  1167 | D        | Noticed a shock serpent
  1167 | D        | Noticed a red very ugly thing
  1167 | D        | Noticed a brown ugly thing
  1167 | D        | Noticed a purple very ugly thing
  1168 | D        | Noticed a brown ugly thing
  1168 | D        | Noticed a purple very ugly thing
  1168 | D        | Noticed a shining eye
  1170 | D        | Killed a brown ugly thing
  1170 | D        | Killed a brown ugly thing
  1172 | D        | a shock serpent changed into a merfolk
  1173 | D        | Noticed a death drake
  1173 | D        | a shining eye changed into a death drake
  1175 | D        | Killed a brown very ugly thing
  1175 | D        | Reached XP level 12. HP: 129/129 MP: 27/27
  1175 | D        | Killed a brown very ugly thing
  1184 | D        | Killed a red very ugly thing
  1184 | D        | Reached skill level 15 in Fighting
  1194 | D        | Entered arena 14.
  1197 | D        | Noticed an ice dragon
  1197 | D        | Noticed an ice dragon
  1198 | D        | Noticed an ice dragon
  1203 | D        | Killed an ice dragon
  1204 | D        | Killed an ice dragon
  1211 | D        | Killed an ice dragon
  1241 | D        | Entered arena 15.
  1243 | D        | Noticed a quicksilver dragon
  1243 | D        | Noticed a quicksilver dragon
  1244 | D        | Noticed a crystal guardian
  1244 | D        | Noticed a stone giant
  1252 | D        | Killed a quicksilver dragon
  1252 | D        | Killed a stone giant
  1252 | D        | Reached XP level 13. HP: 114/142 MP: 28/30
  1252 | D        | Killed a quicksilver dragon
  1253 | D        | Reached skill level 27 in Evocations
  1263 | D        | HP: 1/144 [crystal guardian/crystal bolt (16)]
  1265 | D        | Got the amulet of Jefear {RegenMP rElec Str+4 SInv}
  1267 | D        | Entered arena 16.
  1277 | D        | Noticed an orc warlord
  1297 | D        | Killed an orc warlord
  1326 | D        | Entered arena 17.
  1329 | D        | Noticed a stone giant
  1329 | D        | Noticed a stone giant
  1330 | D        | Noticed a lich
  1339 | D        | Identified a +3 rod of shadows (4/9)
  1340 | D        | Killed a stone giant
  1340 | D        | Killed a lich
  1340 | D        | Reached skill level 5 in Long Blades
  1348 | D        | Killed a stone giant
  1356 | D        | Gained mutation: You resist negative energy. (rN+) [Deep Dwarf growth]
  1356 | D        | Reached XP level 14. HP: 159/159 MP: 31/31
  1371 | D        | Got the ring "Lem Nump" {rCorr -Tele rN+++ Str+3 Int+3}
  1386 | D        | Entered arena 18.
  1390 | D        | Noticed a tentacled starspawn
  1396 | D        | Killed a tentacled starspawn
  1414 | D        | Got the ring of Thoughtfulness {rC- Str+4 Int+5 Dex+4}
  1417 | D        | Entered arena 19.
  1422 | D        | Noticed a thorn hunter
  1422 | D        | Noticed an apis
  1423 | D        | Noticed an apis
  1428 | D        | Reached skill level 1 in Stealth
  1428 | D        | Killed an apis
  1428 | D        | Killed an apis
  1430 | D        | Killed a thorn hunter
  1434 | D        | Reached skill level 15 in Armour
  1434 | D        | Reached skill level 5 in Stealth
  1438 | D        | Reached skill level 15 in Shields
  1702 | D        | Got the ring of the Solstice {Fire Str+3 Int+2}
  1709 | D        | Identified a +8 rod of ignition (9/9) (You found it in the Dungeon)
  1715 | D        | Entered arena 20.
  1721 | D        | Reached skill level 10 in Long Blades
  1722 | D        | Noticed a ghoul
  1722 | D        | Noticed a ghoul
  1726 | D        | Reached skill level 15 in Dodging
  1730 | D        | Killed a ghoul
  1736 | D        | Killed a ghoul
  1776 | D        | Entered arena 21.
  1780 | D        | Noticed a nagaraja
  1783 | D        | Noticed a nagaraja
  1786 | D        | Reached XP level 15. HP: 172/172 MP: 32/32
  1786 | D        | Reached skill level 10 in Stealth
  1787 | D        | Noticed a nagaraja
  1787 | D        | Killed a nagaraja
  1790 | D        | Killed a nagaraja
  1795 | D        | Killed a nagaraja
  1840 | D        | Entered arena 22.
  1871 | D        | Noticed a thorn hunter
  1874 | D        | Identified a +4 rod of shadows (6/11)
  1875 | D        | Noticed a thorn hunter
  1875 | D        | Reached skill level 15 in Stealth
  1878 | D        | Noticed a thorn hunter
  1878 | D        | Killed a thorn hunter
  1884 | D        | Noticed a thorn hunter
  1885 | D        | Noticed a thorn hunter
  1885 | D        | Killed a thorn hunter
  1889 | D        | Killed a thorn hunter
  1899 | D        | Killed a thorn hunter
  1909 | D        | Killed a thorn hunter
  1914 | D        | Got the ring "Xotet" {rF+ Int+5}
  1976 | D        | Entered arena 23.
  1990 | D        | Noticed a shadow dragon
  1991 | D        | Noticed a mottled draconian scorcher
  1993 | D        | Noticed a purple draconian scorcher
  1997 | D        | Noticed a white draconian knight
  1998 | D        | Reached XP level 16. HP: 185/190 MP: 33/33
  2099 | D        | Reached XP level 17. HP: 173/205 MP: 34/34
  2199 | D        | Entered arena 24.
  2208 | D        | Noticed a lich
  2208 | D        | Noticed a lich
  2209 | D        | Noticed an ancient lich
  2216 | D        | Killed a lich
  2216 | D        | Killed a lich
  2216 | D        | Gained mutation: You passively map a large area around you. [Deep Dwarf growth]
  2216 | D        | Reached XP level 18. HP: 216/216 MP: 35/35
  2223 | D        | Killed an ancient lich
  2223 | D        | Reached skill level 27 in Fighting
  2268 | D        | Entered arena 25.
  2333 | D        | Identified a +4 rod of shadows (8/13)
  2379 | D        | Got the cursed -5 robe of Misfortune {-Cast *Contam *Tele *Drain EV-5 Stlth-- *Curse}
  2401 | D        | Entered arena 26.
  2436 | D        | Reached XP level 19. HP: 226/226 MP: 36/36
  2437 | D        | Reached skill level 27 in Armour
  2437 | D        | Reached skill level 27 in Shields
  2441 | D        | Reached skill level 10 in Invocations
  2441 | D        | Reached skill level 27 in Dodging
  2442 | D        | Reached skill level 15 in Invocations
  2526 | D        | Entered arena 27.
  2692 | D        | Reached skill level 27 in Invocations
  2776 | D        | Got the Orb of Zot
  3207 | D        | Noticed a Tzitzimitl
  3225 | D        | Killed a Tzitzimitl
  3785 | D        | Noticed Kalin the pandemonium lord
  3788 | D        | Reached skill level 15 in Long Blades
  3800 | D        | Killed Kalin the pandemonium lord
  3802 | D        | Escaped with the Orb!

Skill      XL: |  1  2  3  4  5  6  7  8  9 10 11 12 13 14 15 16 17 18 19 |
---------------+----------------------------------------------------------+-----
Fighting       | 3 5 6 8 9 10 11 12 14 16 19 21 23 25 26 27 | 27.0
Dodging        | 2 4 5 7 8 10 11 13 15 18 20 25 27 | 27.0
Evocations     | 3 7 8 11 12 13 16 18 22 26 27 | 27.0
Armour         | 4 6 8 9 11 13 15 18 20 21 26 27 | 27.0
Shields        | 4 6 8 9 10 11 13 15 20 21 22 26 27 | 27.0
Long Blades    | 6 10 16 | 16.6
Stealth        | 9 18 21 25 | 25.5
Invocations    | 27 | 27.0

Action                   |  1- 3 |  4- 6 |  7- 9 | 10-12 | 13-15 | 16-18 | 19-21 || total
-------------------------+-------+-------+-------+-------+-------+-------+-------++-------
Melee: Double sword      |     8 |    11 |    22 |    56 |    90 |    83 |    49 ||   319
Invok: Major Destruction |       |       |       |       |       |       |     1 ||     1
Evoke: Disc of storms    |       |     4 |    16 |    49 |    65 |    47 |    35 ||   216
       Wand              |       |       |     3 |     1 |     4 |     2 |     1 ||    11
       Rod               |       |       |       |       |     1 |       |     3 ||     4
  Use: Scroll            |       |       |       |     1 |     5 |       |       ||     6
       Potion            |       |       |       |       |       |     1 |     1 ||     2
  Eat: Chunk             |       |       |       |     1 |       |       |       ||     1
       Meat ration       |       |       |       |       |     1 |       |     2 ||     3
Armor: Gold dragon scale |     5 |     5 |    10 |    71 |    76 |    49 |    35 ||   251
Dodge: Dodged            |       |       |     1 |    31 |    44 |    59 |    51 ||   186
Block: Shield            |     9 |    15 |    30 |   143 |   201 |   187 |   133 ||   718
       Rpst.: Double sword |       |       |       |     1 |     1 |     7 |     6 ||    15
